 Dungeon Crawl Stone Soup version 0.28-a0-691-gad6df49e81 (webtiles) character file.

Game seed: 10194982198589296602

196218 pokeman the Sorcerer (level 18, -13/104 HPs)
             Began as a Deep Elf Hedge Wizard on Oct 19, 2021.
             Was the Champion of Vehumet.
             Shot with an arrow by a naga sharpshooter (14 damage)
             ... led by Vashnia
             ... on level 3 of the Snake Pit on Oct 20, 2021.
             The game lasted 03:02:27 (42645 turns).

pokeman the Sorcerer (Deep Elf Hedge Wizard)       Turns: 42645, Time: 03:02:27

Health: -13/104    AC: 20    Str: 10    XL:     18   Next: 15%
Magic:  43/50      EV: 15    Int: 37    God:    Vehumet [******]
Gold:   1290       SH:  5    Dex: 14    Spells: 25/69 levels left

rFire   x . .      SeeInvis +   U - staff of conjuration
rCold   . . .      Faith    .   x - +0 buckler
rNeg    . . .      Spirit   .   C - quicksilver dragon scales
rPois   +          Reflect  .   j - +2 hat {Int+3}
rElec   +          Harm     .   w - +0 cloak "Ziaqev" {rElec Regen+ SInv Stlth+}
rCorr   .          Rampage  .   K - +2 pair of gloves "Inloal" {Will+ Str+3}
Will    +++..                   S - +0 pair of boots
Stlth   +++.......              a - amulet of magic regeneration
HPRegen 1.27/turn               m - +6 ring of intelligence
MPRegen 0.57/turn               v - ring of Qauphagi {Wiz rPois rF- Slay+2}

@: studying Dodging
A: claws 1
a: Renounce Religion


You were on level 3 of the Snake Pit.
You worshipped Vehumet.
Vehumet was exalted by your worship.
You visited 6 branches of the dungeon, and saw 31 of its levels.
You also visited: Gauntlet and Volcano.

You collected 3230 gold pieces.
You spent 1940 gold pieces at shops.

Inventory:

Hand Weapons
 n - a +2 longbow of flaming
 p - the +7 flail of the Enemy {spect, +Blink Stlth+}
   (You found it on level 4 of the Lair of Beasts)

   When its wielder attacks, the weapon's spirit leaps out and strikes again.
   The spirit shares a part of any damage it takes with its wielder.
   +Blink:    It lets you blink.
   Stlth:     It makes you more stealthy.
Missiles
 b - 894 arrows
 s - a throwing net
Armour
 j - a +2 hat of intelligence (worn)
 l - a +0 helmet of see invisible
 w - the +0 cloak "Ziaqev" (worn) {rElec Regen+ SInv Stlth+}
   (You found it in a Gauntlet)

   rElec:     It insulates you from electricity.
   SInv:      It lets you see invisible.
   Regen:     It increases your rate of health regeneration.
   Stlth:     It makes you more stealthy.
 x - a +0 buckler (worn)
 y - a +1 leather armour of cold resistance
 C - quicksilver dragon scales (worn)
 K - the +2 pair of gloves "Inloal" (worn) {Will+ Str+3}
   (You bought it in a shop on level 2 of the Orcish Mines)

   Str:       It affects your strength (+3).
   Will:      It increases your willpower.
 S - a +0 pair of boots (worn)
Magical Staves
 g - a staff of cold
 U - a staff of conjuration (weapon)
Jewellery
 a - an amulet of magic regeneration (around neck)
 h - an amulet of regeneration
 m - a +6 ring of intelligence (left hand)
 v - the ring of Qauphagi (right hand) {Wiz rPois rF- Slay+2}
   (You acquired it on level 5 of the Lair of Beasts)

   [ring of wizardry]

   It improves your spell success rate.
   Slay:      It affects your accuracy & damage with ranged weapons and melee
   (+2).
   rF:        It makes you vulnerable to fire.
   rPois:     It protects you from poison.
 D - a +6 ring of strength
 O - a ring of resist corrosion
 P - an amulet of reflection
 Y - a ring of flight
Wands
 t - a wand of paralysis (8)
 G - a wand of digging (7)
 L - a wand of acid (17)
Scrolls
 k - 8 scrolls of teleportation
 o - a scroll of fear
 r - a scroll of brand weapon
 u - 2 scrolls of enchant armour
 E - 3 scrolls of magic mapping
 N - a scroll of amnesia
 W - 2 scrolls of blinking
Potions
 c - a potion of magic
 d - 5 potions of heal wounds
 f - 4 potions of brilliance
 q - 7 potions of haste
 z - 4 potions of ambrosia {unknown}
 A - 3 potions of lignification {unknown}
 B - 2 potions of attraction {unknown}
 F - 3 potions of might {unknown}
 H - 11 potions of curing
 I - 5 potions of flight {unknown}
 M - a potion of experience {unknown}
 X - 2 potions of berserk rage {unknown}
Miscellaneous
 e - a box of beasts
 i - a tin of tremorstones (2/2)
 J - a lightning rod (4/4)
 R - a condenser vane


   Skills:
 + Level 8.6 Fighting
 - Level 8.0 Armour
 + Level 12.9 Dodging
 - Level 3.0 Stealth
 - Level 4.1 Shields
 * Level 26.1 Spellcasting
 + Level 16.3 Conjurations
 - Level 1.1 Summonings
 - Level 1.1 Translocations
 + Level 15.8 Fire Magic
 - Level 1.2 Ice Magic
 - Level 1.1 Air Magic
 - Level 1.0 Earth Magic
 - Level 1.1 Poison Magic
 - Level 1.3 Evocations


You had 25 spell levels left.
You knew the following spells:

 Your Spells              Type           Power      Damage    Failure   Level
a - Magic Dart            Conj           100%       1d8       0%          1
b - Mephitic Cloud        Conj/Pois/Air  96%        N/A       1%          3
c - Call Imp              Summ           54%        N/A       1%          2
d - Blink                 Tloc           N/A        N/A       1%          2
e - Conjure Flame         Conj/Fire      100%       6-21      0%          3
f - Shock                 Conj/Air       100%       1d9       1%          1
g - Fireball              Conj/Fire      64%        3d24      1%          5
h - Freezing Cloud        Conj/Ice/Air   48%        6-21      1%          5
i - Swiftness             Air            54%        N/A       1%          3
j - Lehudib's Crystal Sp  Conj/Erth      53%        10d12     17%         8
k - Starburst             Conj/Fire      64%        6d17      1%          6
l - Lightning Bolt        Conj/Air       53%        1d74      1%          5

Your spell library contained the following spells:

 Spells                   Type           Power      Damage    Failure   Level
 Conjure Ball Lightning   Conj/Air       53%        3x3d18    1%          6
 Summon Small Mammal      Summ           100%       N/A       1%          1
 Slow                     Hex            48%        N/A       1%          2
 Sublimation of Blood     Necr           24%        N/A       1%          2
 Call Canine Familiar     Summ           54%        N/A       1%          3
 Gell's Gravitas          Tloc           27%        N/A       1%          3
 Ignite Poison            Fire/Tmut/Pois 74%        N/A       1%          3
 Lesser Beckoning         Tloc           54%        N/A       1%          3
 Portal Projectile        Hex/Tloc       100%       N/A       1%          3
 Stone Arrow              Conj/Erth      100%       3d13      1%          3
 Summon Guardian Golem    Hex/Summ       51%        N/A       1%          3
 Teleport Other           Tloc           54%        N/A       1%          3
 Airstrike                Air            27%        N/A       1%          4
 Irradiate                Conj/Tmut      52%        3d31      1%          5
 Iron Shot                Conj/Erth      53%        9d10      1%          6
 Animate Armour           Summ/Erth      100%       N/A       2%          4
 Summon Lightning Spire   Summ/Air       54%        N/A       2%          4
 Spellforged Servitor     Conj/Summ      53%        N/A       2%          7
 Petrify                  Tmut/Erth      51%        N/A       3%          4
 Manifold Assault         Tloc           54%        N/A       6%          5
 Summon Forest            Summ/Tloc      27%        N/A       6%          5
 Summon Mana Viper        Hex/Summ       51%        N/A       9%          5
 Blade Hands              Tmut           24%        N/A       11%         5
 Excruciating Wounds      Necr           24%        N/A       11%         5
 Dispersal                Tloc           27%        N/A       32%         6
 Summon Cactus Giant      Summ           27%        N/A       32%         6
 Simulacrum               Ice/Necr       26%        N/A       38%         6
 Haunt                    Necr/Summ      25%        N/A       91%         7
 Dragon Form              Tmut           24%        N/A       95%         7
 Polar Vortex             Ice            27%        N/A       100%        9


Dungeon Overview and Level Annotations

Branches:
Dungeon (15/15)            Temple (1/1) D:6            Lair (6/6) D:8
 Shoals (4/4) Lair:2        Snake (3/4) Lair:2        Slime (0/5) Lair:5
    Orc (2/2) D:12            Elf (0/3) Orc:2        Vaults (0/5) D:13
 Depths (0/4) D:15        Volcano (visited)         Gauntlet (visited)

Altars:
Elyvilon
Fedhas
Nemelex Xobeh
Okawaru
Sif Muna
Uskayaw
Vehumet
Wu Jian
Yredelemnul
Zin
The Shining One
Beogh
Jiyva

Shops:
D:10 !   D:12 *   Orc:2 :[[(

Annotations:
Shoals:4 Mara
Snake:2 3 runed translucent doors, Caonejir's ghost, adept TrHu
Snake:3 Vashnia


Innate Abilities, Weirdness & Mutations

You have sharp fingernails.


Message History

The naga sharpshooter is engulfed in freezing vapours.
The naga sharpshooter spits poison at you.
The splash of poison hits you but does no damage.
You resist.
Unknown command.
The naga sharpshooter is engulfed in freezing vapours.
The naga sharpshooter shoots a bolt.
The bolt hits you. The bolt freezes you.
The naga sharpshooter is engulfed in freezing vapours.
The naga sharpshooter shoots an arrow.
The arrow hits you.
* * * LOW HITPOINT WARNING * * *
Vashnia is engulfed in freezing vapours.
Vashnia spits poison at you.
The splash of poison hits you but does no damage.
You resist.
The naga sharpshooter is engulfed in freezing vapours. x2
The naga sharpshooter shoots an arrow.
The arrow closely misses you.
You hear a shout!
Unknown command.
The naga sharpshooter unwields a +0 battleaxe.
The naga sharpshooter wields a +0 longbow.
The naga sharpshooter mumbles some strange words.
The naga sharpshooter magically shoots an arrow.
The arrow hits you!
* * * LOW HITPOINT WARNING * * *
The naga sharpshooter is engulfed in freezing vapours.
The naga sharpshooter mumbles some strange words.
The naga sharpshooter magically shoots a bolt.
The bolt hits you!
* * * LOW HITPOINT WARNING * * *
The bolt freezes you.
* * * LOW HITPOINT WARNING * * *
The naga sharpshooter is engulfed in freezing vapours.
The naga sharpshooter shoots an arrow.
The arrow barely misses you.
Vashnia is engulfed in freezing vapours.
Vashnia spits poison at you. The splash of poison hits you. You resist.
* * * LOW HITPOINT WARNING * * *
The naga sharpshooter is engulfed in freezing vapours.
The naga sharpshooter shoots an arrow.
The arrow hits you!
You die...

#.N. #N§§.
#§N§NN #.§N§§§
##.§.§§§§
##........
##.........
#..@.......
#..........
#...........
#............
#............
#........#....
#.........##...
........### #..


You could see Vashnia (catching breath) and 5 naga sharpshooters.

Vanquished Creatures
  Rupert (D:12)
  Polyphemus (Shoals:4)
  6 krakens
  Gastronok (Lair:1)
  Kirke (D:13)
  A stone giant (D:15)
  Nessos (D:14)
  A war gargoyle (D:12)
  A minotaur (Gauntlet)
  3 merfolk javelineers (Shoals:1)
  15 merfolk impalers
  An ettin (Orc:2)
  Snorg (D:12)
  Josephine (D:15)
  5 hydras
  A fire dragon (D:13)
  4 boulder beetles
  5 naga warriors
  5 anacondas
  3 merfolk aquamancers (Shoals:1)
  3 merfolk avatars
  2 catoblepae
  4 centaur warriors
  Erica (D:8)
  4 satyrs
  14 death yaks
  5 two-headed ogres
  4 tengu warriors
  An alligator snapping turtle (Shoals:3)
  Urug (Lair:1)
  8 naga sharpshooters
  3 shock serpents
  A wretched star (Gauntlet)
  8 orc high priests (Orc:2)
  Nergalle (Lair:1)
  2 salamander mystics (Snake:3)
  5 skeletal warriors (D:15)
  A sea snake (shapeshifter) (D:12)
  9 sea snakes
  4 naga ritualists
  4 orc knights
  Pikel (D:7)
  A necromancer (Lair:5)
  19 harpies
  2 harpies (shapeshifter)
  6 deep elf pyromancers
  4 mana vipers
  8 salamanders
  9 ugly things
  An orc sorcerer (Orc:2)
  20 fauns
  15 manticores
  12 cyclopes
  Maurice (Orc:1)
  The ghost of Woods the Magician, a novice DECj of Sif Muna (D:5)
  15 elephants
  10 merfolk sirens
  30 black mambas
  An apocalypse crab (Gauntlet)
  5 water nymphs
  7 naga magi
  Maggie (D:6)
  5 guardian serpents
  11 cane toads
  An unseen horror (D:7)
  8 komodo dragons
  4 rime drakes
  A freezing wraith (D:15)
  A yaktaur (D:15)
  45 merfolk
  12 trolls
  2 wind drakes
  5 hornets (Lair:6)
  6 polar bears (Lair:6)
  A meliai (shapeshifter) (D:15)
  Prince Ribbit (D:8)
  A wind drake (shapeshifter) (D:15)
  12 blink frogs
  7 slime creatures
  A raiju (Gauntlet)
  6 snapping turtles
  14 dream sheep
  13 spriggans
  3 vampires
  A shadow (D:11)
  2 water elementals
  6 wraiths
  A yak (shapeshifter) (D:12)
  3 humans (D:13)
  48 yaks
  2 neqoxecs (Gauntlet)
  2 wyverns
  A tarantella (shapeshifter) (D:13)
  3 fire bats (Volcano)
  A basilisk (Lair:3)
  3 steam dragons
  8 vampire mosquitoes
  Edmund (D:6)
  26 nagas
  6 wargs
  15 water moccasins
  3 acid dragons
  A small abomination (Gauntlet)
  A hell hound (Volcano)
  24 orc warriors
  An ice beast (D:7)
  2 sky beasts
  5 black bears
  33 wolves
  4 ogres
  4 boggarts (Lair:6)
  A tengu (shapeshifter) (D:14)
  15 centaurs
  Blork the orc (D:4)
  2 kobold brigands
  10 bullfrogs
  2 scorpions
  A wyvern zombie (D:9)
  A wyvern skeleton (D:7)
  4 killer bees (D:7)
  An electric eel (D:14)
  6 wights
  2 howler monkeys
  A bullfrog zombie (D:5)
  A hound (shapeshifter) (D:14)
  3 hounds
  2 jellies
  35 orc priests
  4 centaur zombies
  A gnoll shaman (D:8)
  Crazy Yiuf (D:6)
  3 iguanas
  17 orc wizards
  4 yak simulacra (Lair:5)
  4 polar bear simulacra (Lair:5)
  A wolf simulacrum (Lair:5)
  A killer bee zombie (D:6)
  A hound skeleton (D:5)
  A howler monkey zombie (D:10)
  4 gnolls (D:8)
  5 adders
  A howler monkey skeleton (D:7)
  A shadow imp (D:7)
  An ufetubus (D:6)
  3 worms
  2 dart slugs
  89 orcs
  5 endoplasms
  2 giant cockroaches (D:1)
  3 goblins
  8 hobgoblins
  8 jackals
  8 kobolds
  2 quokkas
  15 ball pythons
  5 bats
  9 frilled lizards
  A rat (D:1)
  2 river rat simulacra (Lair:5)
  9 tentacles
988 creatures vanquished.

Vanquished Creatures (collateral kills)
  A killer bee (D:7)
  An orc (D:3)
2 creatures vanquished.

Vanquished Creatures (others)
  2 humans (D:13)
  An iguana (D:6)
  A bush (Lair:6)
  11 demonic plants (Gauntlet)
  66 fungi
  97 plants
  33 tentacles
  5 toadstools (D:1)
216 creatures vanquished.

Grand Total: 1206 creatures vanquished

Notes
Turn   | Place    | Note
-------+----------+-------------------------------------------
     0 | D:1      | pokeman the Deep Elf Hedge Wizard began the quest for the
                  | Orb.
     0 | D:1      | Reached XP level 1. HP: 10/10 MP: 7/7
   311 | D:1      | Reached XP level 2. HP: 11/15 MP: 6/9
   953 | D:1      | Reached skill level 5 in Spellcasting
  1213 | D:1      | Found a faded altar of an unknown god.
  1340 | D:1      | Reached XP level 3. HP: 20/20 MP: 8/11
  1344 | D:1      | Learned a level 3 spell: Mephitic Cloud
  1347 | D:1      | Learned a level 2 spell: Call Imp
  1350 | D:1      | Learned a level 2 spell: Blink
  1354 | D:1      | Learned a level 3 spell: Conjure Flame
  1653 | D:1      | Reached skill level 1 in Armour
  2279 | D:2      | Reached skill level 1 in Fighting
  2844 | D:3      | Reached XP level 4. HP: 23/23 MP: 11/13
  3200 | D:3      | Reached skill level 6 in Spellcasting
  3200 | D:3      | Reached skill level 1 in Fire Magic
  3656 | D:4      | Reached XP level 5. HP: 28/29 MP: 6/15
  3811 | D:4      | Noticed Blork the orc
  3827 | D:4      | Killed Blork the orc
  3828 | D:4      | Reached skill level 1 in Air Magic
  4341 | D:4      | Reached XP level 6. HP: 34/34 MP: 10/17
  4388 | D:4      | Found a shimmering blue altar of Sif Muna.
  4471 | D:5      | Entered Level 5 of the Dungeon
  4599 | D:5      | Noticed Woods's ghost (novice DECj)
  4842 | D:5      | Found a runed translucent door.
  4863 | D:5      | Reached skill level 7 in Spellcasting
  4863 | D:5      | Reached skill level 1 in Poison Magic
  5398 | D:6      | Noticed a water moccasin
  5413 | D:6      | Killed a water moccasin
  5414 | D:6      | Reached skill level 1 in Evocations
  5414 | D:6      | Reached XP level 7. HP: 28/38 MP: 15/20
  5463 | D:6      | Noticed Maggie
  5505 | D:6      | Reached skill level 8 in Spellcasting
  5728 | D:6      | Reached skill level 1 in Shields
  5882 | D:6      | Noticed Edmund
  5960 | D:6      | Killed Edmund
  6084 | D:6      | Found a runed translucent door.
  6085 | D:6      | Noticed Crazy Yiuf
  6208 | D:6      | Reached skill level 9 in Spellcasting
  6208 | D:6      | Reached XP level 8. HP: 25/43 MP: 13/23
  6346 | D:6      | Found a staircase to the Ecumenical Temple.
  6356 | Temple   | Entered the Ecumenical Temple
  6369 | Temple   | Became a worshipper of Vehumet
  6684 | D:6      | Killed Crazy Yiuf
  6965 | D:6      | Killed Maggie
  6966 | D:6      | Reached skill level 5 in Conjurations
  7260 | D:7      | Noticed Pikel
  7265 | D:7      | Killed Pikel
  7266 | D:7      | Reached skill level 10 in Spellcasting
  7266 | D:7      | Reached XP level 9. HP: 47/47 MP: 16/25
  7788 | D:7      | Reached skill level 11 in Spellcasting
  7952 | D:7      | Learned a level 5 spell: Lightning Bolt
  8326 | D:7      | Killed an unseen horror
  8327 | D:7      | Reached skill level 5 in Fire Magic
  8336 | D:7      | Reached skill level 12 in Spellcasting
  8767 | D:8      | Noticed Erica
  8885 | D:8      | Noticed a two-headed ogre
  9069 | D:8      | Reached * piety under Vehumet
  9069 | D:8      | Offered knowledge of Shock by Vehumet.
  9076 | D:8      | Learned a level 1 spell: Shock
  9194 | D:8      | Noticed Prince Ribbit
  9198 | D:8      | Killed Prince Ribbit
  9346 | D:8      | Noticed a two-headed ogre
  9353 | D:8      | Reached XP level 10. HP: 56/56 MP: 17/28
  9363 | D:8      | Killed a two-headed ogre
  9419 | D:8      | Found a staircase to the Lair.
  9446 | D:8      | Reached skill level 13 in Spellcasting
  9844 | D:8      | Killed a two-headed ogre
  9961 | D:8      | Killed Erica
 10246 | D:8      | Found an iron altar of Okawaru.
 10252 | D:8      | Found a glowing golden altar of the Shining One.
 10257 | D:8      | Found an ornate altar of the Wu Jian Council.
 10331 | D:9      | Reached skill level 14 in Spellcasting
 10633 | D:9      | Reached XP level 11. HP: 47/60 MP: 23/31
 10649 | D:9      | Reached ** piety under Vehumet
 10649 | D:9      | Offered knowledge of Scorch by Vehumet.
 11362 | D:9      | Reached skill level 15 in Spellcasting
 11947 | D:10     | Entered Level 10 of the Dungeon
 12052 | D:10     | You fall into a shaft and drop 1 floor!
 12060 | D:11     | Noticed a two-headed ogre
 12073 | D:11     | Killed a two-headed ogre
 12420 | D:10     | Offered knowledge of Frozen Ramparts by Vehumet.
 12681 | D:10     | Reached *** piety under Vehumet
 12821 | D:10     | Learned a level 5 spell: Freezing Cloud
 12905 | D:10     | Found Inymme's Distillery.
 12913 | D:10     | Bought a potion of degeneration for 15 gold pieces
 12913 | D:10     | Bought a potion of heal wounds for 75 gold pieces
 13314 | D:11     | Reached skill level 16 in Spellcasting
 13462 | D:11     | Noticed a two-headed ogre
 13479 | D:11     | Killed a two-headed ogre
 13480 | D:11     | Reached skill level 1 in Ice Magic
 13782 | D:11     | Learned a level 3 spell: Swiftness
 14229 | D:12     | Offered knowledge of Olgreb's Toxic Radiance by Vehumet.
 14428 | D:12     | Noticed a two-headed ogre
 14437 | D:12     | Killed a two-headed ogre
 14438 | D:12     | Reached XP level 12. HP: 56/64 MP: 14/34
 14442 | D:12     | Noticed Rupert
 14461 | D:12     | Noticed a six-headed hydra
 14617 | Lair:1   | Entered Level 1 of the Lair of Beasts
 14667 | Lair:1   | Noticed Gastronok
 14671 | Lair:1   | Reached skill level 10 in Conjurations
 14679 | Lair:1   | Killed Gastronok
 14732 | Lair:1   | Found a dark tunnel.
 14737 | Volcano  | Entered a volcano
 14771 | Volcano  | Reached skill level 17 in Spellcasting
 15200 | Lair:1   | Noticed Nergalle
 15207 | Lair:1   | Killed Nergalle
 15301 | Lair:1   | Noticed Urug
 15302 | Lair:1   | Reached **** piety under Vehumet
 15305 | Lair:1   | Killed Urug
 15481 | Lair:1   | Noticed an eight-headed hydra
 15486 | Lair:1   | Killed an eight-headed hydra
 15492 | Lair:1   | Offered knowledge of Sticky Flame by Vehumet.
 15636 | Lair:1   | Reached skill level 10 in Fire Magic
 15829 | Lair:1   | Reached skill level 18 in Spellcasting
 16307 | Lair:2   | Reached skill level 5 in Fighting
 16339 | Lair:2   | Found a staircase to the Snake Pit.
 16482 | Lair:2   | Got the Reference Book on Changing and Stones
 16492 | Lair:2   | Learned a level 8 spell: Lehudib's Crystal Spear
 16563 | Lair:2   | Reached XP level 13. HP: 72/72 MP: 29/37
 16683 | Lair:2   | Reached skill level 1 in Earth Magic
 16891 | Lair:2   | Found a staircase to the Shoals.
 18126 | Lair:4   | Found a gate leading to a gauntlet.
 18138 | Gauntlet | Entered a Gauntlet
 18138 | Gauntlet | Found a transporter.
 18138 | Gauntlet | Found a transporter.
 18139 | Gauntlet | Upgraded the game from 0.28-a0-687-gb91baff9cc to
                  | 0.28-a0-691-gad6df49e81
 18143 | Gauntlet | Found a transporter.
 18159 | Gauntlet | Found a transporter.
 18182 | Gauntlet | Found a transporter.
 18191 | Gauntlet | Found a transporter.
 18210 | Gauntlet | Found a transporter.
 18284 | Gauntlet | Found a transporter.
 18294 | Gauntlet | Found a transporter.
 18297 | Gauntlet | Found a transporter.
 18322 | Gauntlet | Found a transporter.
 18332 | Gauntlet | Found a transporter.
 18372 | Gauntlet | Found a transporter.
 18379 | Gauntlet | Found a transporter.
 18465 | Gauntlet | Found a transporter.
 18486 | Gauntlet | Found a transporter.
 18630 | Gauntlet | Identified the +6 ring mail of the Bulwark {rPois rF- rN+
                  | Str+3}
 18700 | Gauntlet | Paralysed by you for 5 turns
 18753 | Gauntlet | Identified the +0 helmet of Sif Muna's Vengeance {Drain
                  | +Blink rPois Dex+3}
 18800 | Gauntlet | Gained mutation: You are clumsy. (Dex -2) [a neqoxec]
 18804 | Gauntlet | Gained mutation: Armour fits poorly on your strangely
                  | shaped body. [a neqoxec]
 18952 | Gauntlet | Lost mutation: You are clumsy. (Dex -2) [potion of
                  | mutation]
 18952 | Gauntlet | Lost mutation: Armour fits poorly on your strangely shaped
                  | body. [potion of mutation]
 18952 | Gauntlet | Gained mutation: You are occasionally teleported next to
                  | monsters. [potion of mutation]
 18953 | Gauntlet | Lost mutation: You are occasionally teleported next to
                  | monsters. [potion of mutation]
 18953 | Gauntlet | Gained mutation: You have sharp fingernails. [potion of
                  | mutation]
 18963 | Gauntlet | Identified the +2 pair of gloves of Reason {rF- Will++}
 19024 | Gauntlet | Identified the +6 ring mail "Wucugrov" {+Blink}
 19024 | Gauntlet | Identified the ring of Githasus {Fire rElec rN++ rCorr
                  | Dex-5}
 19024 | Gauntlet | Noticed a minotaur
 19029 | Gauntlet | Killed a minotaur
 19113 | Gauntlet | Identified the +0 cloak "Ziaqev" {rElec Regen+ SInv Stlth+}
 19114 | Gauntlet | Got Sif Muna's Volume of Summoning
 19131 | Gauntlet | Identified the +0 hat "Jiamijat" {rN+}
 19566 | Lair:4   | Reached skill level 19 in Spellcasting
 19993 | Lair:4   | Identified the +7 flail of the Enemy {spect, +Blink Stlth+}
 20117 | Lair:4   | Reached ***** piety under Vehumet
 20468 | Lair:5   | Found a viscous altar of Jiyva.
 20468 | Lair:5   | Found a staircase to the Slime Pits.
 20528 | Lair:5   | Identified a scroll of acquirement
 20529 | Lair:5   | Acquired the ring of Qauphagi {Wiz rPois rF- Slay+2}
 20913 | Lair:5   | Offered knowledge of Flame Wave by Vehumet.
 21302 | Lair:6   | Entered Level 6 of the Lair of Beasts
 21519 | Lair:6   | Reached skill level 20 in Spellcasting
 21721 | Lair:6   | Reached skill level 5 in Armour
 21721 | Lair:6   | Reached XP level 14. HP: 80/80 MP: 19/40
 23561 | Lair:6   | Offered knowledge of Yara's Violent Unravelling by Vehumet.
 23572 | Lair:6   | Reached skill level 21 in Spellcasting
 25013 | D:12     | Killed Rupert
 25253 | D:12     | Found Cireurusk's General Store.
 25826 | D:12     | Noticed Snorg
 25836 | D:12     | Killed Snorg
 25911 | D:12     | Noticed a war gargoyle
 25919 | D:12     | Killed a war gargoyle
 26104 | D:12     | You fall into a shaft and drop 2 floors!
 26557 | D:14     | Noticed Nessos
 26569 | D:14     | Killed Nessos
 26570 | D:14     | Reached XP level 15. HP: 84/84 MP: 30/42
 26679 | D:14     | Reached skill level 22 in Spellcasting
 27257 | D:12     | Found a staircase to the Orcish Mines.
 27623 | D:13     | Noticed Kirke
 27632 | D:13     | Killed Kirke
 27784 | D:13     | Identified the +1 rapier of Immorality {antimagic, rC-
                  | Int+5}
 27832 | D:13     | Offered knowledge of Eringya's Noxious Bog by Vehumet.
 28183 | D:13     | Identified the +5 ring mail "Jucame" {rElec rPois Str-3
                  | Int+4}
 28372 | D:13     | Found a gate to the Vaults.
 29505 | D:15     | Entered Level 15 of the Dungeon
 29506 | D:15     | Noticed Josephine
 29512 | D:15     | Killed Josephine
 30538 | D:15     | Found a staircase to the Depths.
 30641 | D:15     | Reached skill level 23 in Spellcasting
 30723 | D:15     | Identified the +2 robe "Kenlud" {Harm Dex+4}
 31036 | Orc:1    | Entered Level 1 of the Orcish Mines
 31132 | Orc:1    | Noticed Maurice
 31137 | Orc:1    | Killed Maurice
 31146 | Orc:1    | Reached ****** piety under Vehumet
 31156 | Orc:1    | Offered knowledge of Iskenderun's Battlesphere by Vehumet.
 31697 | Orc:2    | Entered Level 2 of the Orcish Mines
 31697 | Orc:2    | Found a staircase to the Elven Halls.
 32720 | Orc:2    | Reached XP level 16. HP: 88/88 MP: 11/45
 33084 | Orc:2    | Found Mycre's Book Boutique.
 33084 | Orc:2    | Found Eplaed's Antique Armour Emporium.
 33459 | Orc:2    | Found Ijydufer's Armour Boutique.
 33459 | Orc:2    | Found Bariusk's Antique Weapon Emporium.
 33575 | Orc:2    | Bought a pair of bloodstained gloves for 285 gold pieces
 33575 | Orc:2    | Identified the +1 pair of gloves of Hedge Wizardry {Rampage
                  | Slay-5 Stlth+} (You bought it in a shop on level 2 of the
                  | Orcish Mines)
 33575 | Orc:2    | Bought a pair of dazzling gloves for 285 gold pieces
 33575 | Orc:2    | Identified the +2 pair of gloves "Inloal" {Will+ Str+3}
                  | (You bought it in a shop on level 2 of the Orcish Mines)
 33595 | Orc:2    | Bought a manual of Dodging for 1280 gold pieces
 33777 | D:5      | Killed Woods's ghost
 33989 | Shoals:1 | Entered Level 1 of the Shoals
 34000 | Shoals:1 | HP: 3/88 [merfolk impaler (7)]
 34022 | Shoals:1 | Offered knowledge of Starburst by Vehumet.
 34030 | Shoals:1 | Learned a level 6 spell: Starburst
 34050 | Shoals:1 | Reached skill level 5 in Dodging
 34770 | Shoals:1 | Noticed a kraken
 34778 | Shoals:1 | Killed a kraken
 34862 | Shoals:1 | Noticed a kraken
 34876 | Shoals:1 | Killed a kraken
 34908 | Shoals:1 | Noticed a kraken
 34914 | Shoals:1 | Killed a kraken
 34919 | Shoals:1 | Noticed a kraken
 35228 | Shoals:1 | Reached skill level 24 in Spellcasting
 35601 | Shoals:1 | Identified the +9 trident of the Aged Hells {flame, rElec
                  | rC+ Str+5}
 35619 | Shoals:1 | Killed a kraken
 35627 | Shoals:1 | Reached skill level 15 in Conjurations
 35795 | Shoals:1 | Found a runed translucent door.
 36702 | Shoals:2 | Noticed a kraken
 36993 | Shoals:2 | Acquired 447 gold pieces
 37230 | Shoals:2 | Identified the +1 dagger of the Heart {spect, Str+2 Int+4}
 37240 | Shoals:2 | Offered knowledge of Fireball by Vehumet.
 37247 | Shoals:2 | Learned a level 5 spell: Fireball
 37331 | Shoals:2 | Killed a kraken
 37727 | Shoals:3 | Reached XP level 17. HP: 96/96 MP: 41/47
 38207 | Shoals:3 | Reached skill level 10 in Dodging
 38279 | Shoals:3 | Reached skill level 15 in Fire Magic
 38314 | Shoals:3 | Reached skill level 25 in Spellcasting
 38839 | Shoals:3 | Noticed a kraken
 38847 | Shoals:3 | Killed a kraken
 39453 | Shoals:4 | Entered Level 4 of the Shoals
 39536 | Shoals:4 | Noticed Polyphemus
 39696 | Shoals:4 | Killed Polyphemus
 39886 | Shoals:4 | Offered knowledge of Conjure Ball Lightning by Vehumet.
 39972 | Shoals:4 | Noticed Mara
 40333 | Snake:1  | Entered Level 1 of the Snake Pit
 41824 | Snake:2  | Found a runed translucent gate.
 41825 | Snake:2  | Found a runed translucent gate.
 41826 | Snake:2  | Found a runed translucent gate.
 42424 | Snake:2  | Noticed Caonejir's ghost (adept TrHu)
 42482 | Snake:3  | Reached XP level 18. HP: 104/104 MP: 40/49
 42483 | Snake:3  | Reached skill level 26 in Spellcasting
 42640 | Snake:3  | Noticed Vashnia
 42645 | Snake:3  | HP: 2/104 [naga sharpshooter/bolt[Vashnia] (4)]
 42645 | Snake:3  | Shot with an arrow by a naga sharpshooter

Illustrated notes

Levels and vault maps discovered:
D:1:      ldierk_walled_garden, layout_loops_ring,
          shapermc_ecumenical_altar_ellora
D:2:      layout_rooms
D:3:      layout_basic
D:4:      layout_loops_ring, tgw_sif, uniq_blork_the_orc
D:5:      layout_loops_cross, hellmonk_ghost_happy_afterlife
D:6:      layout_rooms, minmay_temple_entry_overgrown, uniq_edmund, uniq_maggie,
          uniq_crazy_yiuf_cottage
D:7:      kennysheep_spiral_hall, layout_basic, minivault_14,
          amcnicky_mini_rare_corridor_liquid, uniq_pikel
D:8:      layout_loops_ring, minmay_overflow_temple_star_quad,
          dpeg_oklobed_lair, uniq_prince_ribbit1, uniq_erica
D:9:      layout_long_grid
D:10:     layout_long_grid, serial_shops, shop
D:11:     layout_irregular_city
D:12:     minmay_connected_boxes_in_corner, layout_grid_maze, orc_0_dummy,
          serial_co_window_serial, co_window_paths_b, co_window_paths_a,
          co_window_of_opportunity_a, co_window_corner_a, co_window_paths_a,
          co_window_of_opportunity_b, co_window_corner_b, co_window_broadway_b,
          co_window_broadway_c, co_window_paths_c, co_window_unsneaky_path_e,
          glass_columns_b, glass_columns_c, serial_shops,
          nicolae_lakefront_shop, st_stairs_9, chequers_decorated_corner,
          serial_park_tiny_2, uniq_snorg, uniq_rupert
D:13:     layout_cave_pools, david_vaults_4, corexii_leaking_fountain,
          uniq_kirke
D:14:     layout_loops_ring, kennysheep_minor_cross, uniq_nessos
D:15:     grunt_enter_depths_snipers, layout_rooms, serial_park_tiny_1,
          grunt_ministairs_14, uniq_josephine
Temple:   compressed_dpeg_circular_temple
Lair:1:   layout_cave_pods, nicolae_volcano_entry_s_turn, beast_lair_carwin_3,
          infiniplex_staircase_pool_2, lemuel_fruit_tree, uniq_urug,
          uniq_nergalle, uniq_gastronok
Lair:2:   layout_hall_layers, minmay_shoals_entry_hut,
          minmay_snake_entry_guardpost_small
Lair:3:   layout_chaotic_city, infiniplex_staircase_pool, grunt_megastairs_1
Lair:4:   layout_gridlike, gauntlet_entry_generic
Lair:5:   layout_misc_corridors, slime_altar_1, eino_house_with_fridge
Lair:6:   minmay_lair_end_enchanted_forest, layout_loops_ring
Shoals:1: nicolae_shoals_lighthouse, layout_shoals, st_sunken_huts
Shoals:2: layout_shoals
Shoals:3: layout_shoals, nicolae_shoals_cliffside_cave
Shoals:4: shoals_end_grunt_ice, layout_shoals, uniq_polyphemus, uniq_mara
Snake:1:  layout_honeycomb, nrook_guardian_serpent_ordinary
Snake:2:  layout_cave_pods, gammafunk_ghost_necromancy
Snake:3:  layout_onion, uniq_vashnia
Orc:1:    layout_caves, uniq_maurice
Orc:2:    st_orc_town, layout_caves, basic_altar

Skill      XL: |  1  2  3  4  5  6  7  8  9 10 11 12 13 14 15 16 17 18 |
---------------+-------------------------------------------------------+-----
Spellcasting   | 5 6 7 9 10 12 14 16 18 20 21 23 24 25 26 | 26.1
Armour         | 1 2 3 4 5 6 8 |  8.0
Fighting       | 1 3 5 6 7 8 |  8.6
Conjurations   | 2 3 4 5 7 8 9 11 12 13 14 15 16 | 16.3
Fire Magic     | 1 2 4 5 7 8 10 11 12 13 14 15 | 15.8
Dodging        | 3 4 9 12 | 12.9
Air Magic      | 1 |  1.1
Poison Magic   | 1 |  1.1
Evocations     | 1 |  1.3
Stealth        | 3 |  3.0
Shields        | 1 2 3 4 |  4.1
Ice Magic      | 1 |  1.2
Earth Magic    | 1 |  1.0
Summonings     | |  1.1
Translocations | |  1.1

Action                   |  1- 3 |  4- 6 |  7- 9 | 10-12 | 13-15 | 16-18 || total
-------------------------+-------+-------+-------+-------+-------+-------++-------
Melee: Spear             |     3 |       |       |       |       |       ||     3
       Staff             |       |    17 |    42 |    51 |    76 |    25 ||   211
 Fire: Shortbow          |       |       |     6 |     4 |       |       ||    10
 Cast: Magic Dart        |   120 |   102 |   154 |    20 |    28 |       ||   424
       Mephitic Cloud    |       |     5 |    34 |    25 |    23 |     4 ||    91
       Conjure Flame     |       |     7 |    44 |    57 |     4 |       ||   112
       Call Imp          |       |     1 |     2 |     6 |     2 |       ||    11
       Blink             |       |     3 |     3 |     4 |     6 |     7 ||    23
       Shock             |       |       |    22 |   168 |   140 |     4 ||   334
       Lightning Bolt    |       |       |       |    48 |   289 |    79 ||   416
       Freezing Cloud    |       |       |       |    33 |   190 |   121 ||   344
       Fireball          |       |       |       |       |       |   221 ||   221
       Starburst         |       |       |       |       |       |     5 ||     5
Evoke: Wand              |       |       |       |       |     5 |       ||     5
       Box of beasts     |       |       |       |       |       |     1 ||     1
  Use: Scroll            |       |       |       |     9 |     8 |     9 ||    26
       Potion            |       |       |       |       |     2 |     1 ||     3
 Stab: Confused          |       |     1 |     7 |     2 |     1 |       ||    11
Armor: Robe              |     3 |       |       |       |       |       ||     3
       Leather armour    |    17 |    10 |     8 |       |       |       ||    35
       Steam dragon scal |       |       |    20 |     7 |       |       ||    27
       Acid dragon scale |       |       |       |    52 |    11 |       ||    63
       Quicksilver drago |       |       |       |       |    94 |   118 ||   212
Dodge: Dodged            |    49 |    20 |    69 |    91 |   128 |   140 ||   497
Block: Buckler           |       |       |       |    11 |    43 |    41 ||    95

Table legend: (Time is in decaauts)
 A = Elapsed time spent in this place.
 B = Non-inter-level travel time spent in this place.
 C = Inter-level travel time spent in this place.
 D = Time resting spent in this place.
 E = Time spent auto-exploring this place.
 F = Levels seen in this place.
 G = Mean time per level.
                   A        B        C        D        E       F      G
               +--------+--------+--------+--------+--------+-----+--------+
         Total |  42815 |  39479 |   3336 |   8949 |  23141 |  33 | 1297.4 |
       Dungeon |  21438 |  19332 |   2106 |   3636 |  12424 |  15 | 1429.2 |
        Temple |    201 |    173 |     28 |      0 |      6 |   1 |  201.0 |
          Lair |   9024 |   8296 |    728 |   2480 |   4580 |   6 | 1504.0 |
        Shoals |   5743 |   5556 |    187 |   1551 |   2983 |   4 | 1435.8 |
     Snake Pit |   2314 |   2132 |    182 |    115 |   1722 |   3 |  771.3 |
  Orcish Mines |   2601 |   2499 |    102 |    732 |   1232 |   2 | 1300.5 |
       Volcano |    437 |    437 |      0 |    137 |    129 |   1 |  437.0 |
      Gauntlet |   1056 |   1056 |      0 |    298 |     64 |   1 | 1056.0 |
               +--------+--------+--------+--------+--------+-----+--------+

Top non-repeatable levels by time:
  Lair:6: 2656 daAuts
    D:12: 2187 daAuts
     D:1: 2069 daAuts
Shoals:1: 2016 daAuts
     D:8: 1953 daAuts
     D:7: 1908 daAuts
Shoals:2: 1868 daAuts
     D:6: 1793 daAuts
    D:14: 1759 daAuts
    D:11: 1688 daAuts
   Orc:2: 1650 daAuts
     D:9: 1610 daAuts
Shoals:3: 1603 daAuts
  Lair:5: 1586 daAuts
  Lair:2: 1492 daAuts
